 Dungeon Crawl Stone Soup version 0.32-a0-128-g77eb882913 (webtiles) character file.

Game seed: 13027546344469078033

53 Ge0ff the Poker (level 3, -2/27 HPs)
             Began as a Mummy Reaver on Feb 8, 2024.
             Slain by a ribbon worm (3 damage)
             ... on level 3 of the Dungeon.
             The game lasted 00:03:02 (1286 turns).

Ge0ff the Poker (Mummy Reaver)                      Turns: 1286, Time: 00:03:03

Health: -2/27      AC:  7    Str: 17    XL:     3   Next: 64%
Magic:  7/7        EV:  9    Int: 18    God:
Gold:   88         SH:  0    Dex: 10    Spells: 6/7 levels left

rFire   x . .        a - +0 spear
rCold   + . .        (no shield)
rNeg    + + +        g - +0 scale mail
rPois   ∞            (no helmet)
rElec   .            (no cloak)
rCorr   .            j - +0 pair of gloves
SInv    .            (no boots)
Will    .....        (no amulet) Stlth
                     c - ring of wizardry
HPRegen 0.24/turn    o - +6 ring of intelligence
MPRegen 0.10/turn

%: faith, wizardry (x1)
@: no status effects
A: cold resistance 1, negative energy resistance 3, torment resistance 2, heat
vulnerability 1, in touch with death 1, no potions, faith
a: no special abilities


You were on level 3 of the Dungeon.
You visited 1 branch of the dungeon, and saw 3 of its levels.

You collected 88 gold pieces.

Inventory:

Hand Weapons
 a - a +0 spear (weapon)
 m - a +2 dagger of freezing
Missiles
 f - 10 poisoned darts
Armour
 b - a +0 leather armour
 e - a +0 ring mail
 g - a +0 scale mail (worn)
 j - a +0 pair of gloves (worn)
Jewellery
 c - a ring of wizardry (left hand)
 o - a +6 ring of intelligence (right hand)
Scrolls
 d - 2 scrolls of identify {unknown}
 h - a scroll of teleportation {unknown}
 i - a scroll of amnesia {unknown}
 k - a scroll of poison {unknown}
 l - a scroll of vulnerability {unknown}
 n - a scroll of enchant weapon {unknown}


   Skills:
 - Level 2.0 Fighting
 + Level 3.9 Polearms
 - Level 1.5 Dodging
 - Level 2.6 Spellcasting
 - Level 2.4 Conjurations


You had 6 spell levels left.
You knew the following spells:

 Your Spells              Type           Power      Damage    Failure   Level
E - Kiss of Death         Conj/Necr      40%        2d8       16%         1

Your spell library contained the following spells:

 Spells                   Type           Power      Damage    Failure   Level
 Momentum Strike          Conj/Tloc      12%        3d8       22%         2
 Hailstorm                Conj/Ice       6%         3d5       41%         3


Dungeon Overview and Level Annotations

Branches:
Dungeon (3/15) Zot: 16717

Altars:

Annotations:
D:2 1 exclusion, Natasha, Robin, Sigmund


Innate Abilities, Weirdness & Mutations

You are immune to poison.
Your flesh is cold resistant. (rC+)
You are immune to negative energy. (rN+++)
You are immune to unholy pain and torment.
You are vulnerable to heat. (rF-)
You are in touch with the powers of death.
You do not drink.
You have a special connection with the divine. (Faith)


Message History

The ribbon worm is lightly wounded.
The ribbon worm expels a string of sticky webbing.
The stream of webbing hits you but does no damage.
You are caught in a web!
The web tears apart.
The ribbon worm bites you.
You hit the ribbon worm.
The ribbon worm is lightly wounded.
You hit the ribbon worm.
The ribbon worm is moderately wounded.
The ribbon worm bites you.
You hit the ribbon worm.
The ribbon worm is moderately wounded.
The ribbon worm bites you.
You hit the ribbon worm but do no damage.
The ribbon worm is moderately wounded.
The ribbon worm expels a string of sticky webbing.
The stream of webbing misses you.
You hit the ribbon worm.
The ribbon worm is moderately wounded.
You hit the ribbon worm.
The ribbon worm is heavily wounded.
The ribbon worm bites you.
* * * LOW HITPOINT WARNING * * *
You hit the ribbon worm.
The ribbon worm is heavily wounded.
The ribbon worm closely misses you.
You hit the ribbon worm.
The ribbon worm is almost dead.
You hit the ribbon worm.
The ribbon worm is almost dead.
The ribbon worm bites you.
* * * LOW HITPOINT WARNING * * *
You hit the ribbon worm but do no damage.
The ribbon worm is almost dead.
The ribbon worm bites you but does no damage.
You hit the ribbon worm but do no damage.
Your punch misses the ribbon worm.
The ribbon worm is severely wounded.
You hit the ribbon worm.
The ribbon worm is almost dead.
The ribbon worm expels a string of sticky webbing.
The stream of webbing misses you.
You barely miss the ribbon worm.
The ribbon worm is almost dead.
The ribbon worm bites you.
* * * LOW HITPOINT WARNING * * *
You barely miss the ribbon worm.
The ribbon worm is severely wounded.
The ribbon worm bites you.
You die...

## .. #.# #########
############ ... #.......#
#..........#.#.# #.......#
#..........#...w
#.......###............#.#
#.....>..@w...............
#.......###...............
#.......# #.<.............
#.......# #.).............
#.......# #.....†.........
######### #...............
#...............
###.............
...#.........


You could see a ribbon worm (catching breath).

Vanquished Creatures
  An adder (D:3)
  2 ribbon worms (D:2)
  3 endoplasms
  4 giant cockroaches
  5 goblins
  5 hobgoblins
  4 ball pythons
  4 bats
  2 frilled lizards (D:1)
  3 kobolds
  4 rats
37 creatures vanquished.

Notes
Turn   | Place    | Note
-------+----------+-------------------------------------------
     0 | D:1      | Ge0ff the Mummy Reaver began the quest for the Orb.
     0 | D:1      | Reached XP level 1. HP: 16/16 MP: 4/4
   229 | D:1      | Reached skill level 3 in Polearms
   229 | D:1      | Reached XP level 2. HP: 22/22 MP: 5/5
   857 | D:2      | Noticed Sigmund
   857 | D:2      | Noticed Natasha
   943 | D:2      | Reached XP level 3. HP: 7/27 MP: 7/7
  1128 | D:2      | Noticed Robin
  1285 | D:3      | HP: 1/27 [ribbon worm (3)]
  1286 | D:3      | Slain by a ribbon worm

Illustrated notes

Levels and vault maps discovered:
D:1:      reono_arrival_forest_river, layout_rooms
D:2:      layout_loops_ring, uniq_sigmund, uniq_natasha, uniq_robin
D:3:      layout_rooms, serial_glass, glass_columns_b, glass_columns_b,
          uniq_ijyb

Skill      XL: |  1 |
---------------+----+-----
Polearms       | 3 |  3.9
Fighting       | |  2.0
Dodging        | |  1.5
Spellcasting   | |  2.6
Conjurations   | |  2.4

Action                     || total
---------------------------++-------
  Melee: Spear             ||   177
         Punch             ||     3
 Armour: Leather armour    ||    10
         Scale mail        ||    70
  Dodge: Dodged            ||    51

Table legend: (Time is in decaauts)
 A = Elapsed time spent in this place.
 B = Non-inter-level travel time spent in this place.
 C = Inter-level travel time spent in this place.
 D = Time resting spent in this place.
 E = Time spent auto-exploring this place.
 F = Levels seen in this place.
 G = Mean time per level.
                   A        B        C        D        E       F      G
               +--------+--------+--------+--------+--------+-----+--------+
         Total |   1281 |   1243 |     38 |     63 |    719 |   3 |  427.0 |
       Dungeon |   1281 |   1243 |     38 |     63 |    719 |   3 |  427.0 |
               +--------+--------+--------+--------+--------+-----+--------+

Top non-repeatable levels by time:
     D:1: 773 daAuts
     D:2: 367 daAuts
     D:3: 140 daAuts
